Map: Tokamak LE

Players

jeannysu - Winner!

  • Race: Zerg Zerg
  • Spawn Location: 1:00

인공지능 칸 (정예)

  • Race: Terran Terran
  • Spawn Location: 7:00

VOD

Have the link to the VOD?

Description

Time

  • Played on: Oct. 1, 2025, 10:17 a.m.
  • Length: 12:13
Show
View Real Time Build Order
Export as new Build Order

jeannysu Zerg - Winner!

Build Orders: Hatch First 

Get SALT Encoding   

  12  0:00  Drone  
  13  0:09  Drone  
  14  0:17  Extractor  
  14  0:18  Drone  
  15  0:22  Overlord  
  15  0:45  Hatchery  
  15  0:47  Drone  
  15  0:52  Drone  
  15  0:55  Drone  
  17  1:02  Drone  
  18  1:05  Extractor  
  17  1:15  Spawning Pool  
  16  1:19  Drone  
  16  1:21  Drone  
  18  1:30  Drone  
  19  1:44  Drone  
  20  1:51  Overlord  
  20  2:02  Drone, Queen  
  20  2:03  Queen  
  20  2:05  Zergling x2  
  26  2:09  Zergling x2  
  26  2:14  Metabolic Boost  
  27  2:22  Drone x2  
  29  2:29  Overlord  
  29  2:31  Drone  
  30  2:48  Hatchery  
  30  2:50  Drone x2  
  31  2:57  Queen  
  33  3:00  Drone  
  33  3:05  Overlord  
  34  3:08  Drone  
  35  3:19  Drone  
  36  3:23  Drone  
  36  3:24  Drone  
  36  3:26  Drone x2  
  40  3:32  Overlord  
  40  3:46  Drone  
  40  3:47  Drone  
  42  3:48  Drone  
  42  3:49  Baneling Nest  
  42  3:51  Drone x3  
  42  3:55  Overlord  
  45  4:08  Zergling x2  
  45  4:09  Zergling x8  
  50  4:14  Queen  
  50  4:15  Drone x2  
  50  4:16  Drone x3  
  57  4:18  Queen  
  59  4:26  Extractor  
  59  4:29  Lair  
  58  4:32  Extractor  
  58  4:34  Drone x6  
  63  4:38  Baneling x2  
  63  4:39  Baneling  
  63  4:46  Drone x3  
  66  4:53  Overlord  
  66  4:54  Overlord x2  
  66  4:55  Evolution Chamber  
  65  5:09  Drone  
  65  5:13  Drone, Extractor  
  65  5:14  Drone x3, Extractor  
  68  5:15  Drone  
  69  5:21  Drone x4  
  69  5:25  Zergling x2  
  69  5:26  Zergling x8  
  69  5:27  Extractor  
  77  5:29  Overlord  
  77  5:35  Zerg Ground Armor Level 1  
  77  5:42  Hatchery  
  76  5:43  Drone x8  
  76  5:49  Overlord  
  84  6:11  Drone  
  84  6:12  Drone x4  
  89  6:20  Infestation Pit  
  88  6:26  Drone  
  88  6:27  Drone x9  
  98  6:34  Spire  
  97  6:47  Zergling x2  
  97  6:48  Zergling x16  
  97  6:49  Overlord  
  97  6:50  Overlord x2  
  106  6:58  Drone  
  106  6:59  Queen  
  109  7:15  Baneling x7  
  109  7:16  Baneling x4  
  109  7:29  Hive  
  109  7:31  Zerg Ground Armor Level 2  
  109  7:33  Hatchery  
  109  7:34  Extractor  
  109  7:35  Extractor  
  109  7:36  Drone x3  
  109  7:38  Drone x3  
  109  7:40  Overlord x4  
  112  7:44  Mutalisk  
  112  7:45  Mutalisk x8  
  130  7:53  Extractor  
  130  7:54  Baneling  
  130  7:55  Baneling x6  
  129  8:02  Drone x2  
  131  8:11  Zergling x12  
  131  8:12  Zergling x26  
  150  8:17  Centrifugal Hooks  
  150  8:34  Hatchery  
  112  8:55  Zergling x2  
  112  8:56  Zergling x34  
  112  9:02  Mutalisk  
  126  9:03  Mutalisk x4  
  126  9:08  Zerg Flyer Weapons Level 1  
  136  9:25  Drone x10  
  136  9:30  Baneling  
  142  9:31  Baneling  
  142  9:32  Baneling x13  
  138  9:42  Mutalisk x9  
  138  9:43  Mutalisk x2  
  156  9:49  Queen  
  158  9:54  Zergling x14  
  158  9:55  Zergling x10  
  158  9:57  Baneling  
  158  9:58  Baneling x11  
  166  10:29  Ultralisk Cavern  
  166  10:30  Microbial Shroud  
  165  10:44  Extractor  
  141  11:07  Mutalisk x3  
  141  11:08  Mutalisk x7  
  150  11:27  Drone x5  
  149  11:41  Mutalisk x2  
  149  11:42  Mutalisk x3  
  143  11:54  Extractor  
  143  11:57  Extractor  
Show
View Real Time Build Order
Export as new Build Order

인공지능 칸 (정예) Terran 

Build Orders:  

Get SALT Encoding   

  12  0:00  SCV  
  13  0:13  SCV  
  14  0:18  Supply Depot  
  14  0:25  SCV  
  15  0:39  SCV  
  15  0:41  Barracks  
  16  0:51  SCV  
  17  1:03  SCV  
  18  1:16  Supply Depot, SCV  
  19  1:20  Refinery  
  19  1:28  Marine, SCV  
  21  1:40  SCV  
  21  1:46  Marine  
  23  1:50  Barracks  
  23  1:52  SCV  
  23  1:54  Refinery  
  24  2:02  Supply Depot  
  24  2:04  Marine, SCV  
  26  2:16  SCV  
  26  2:22  Marine  
  28  2:24  Factory  
  28  2:28  SCV  
  29  2:36  Marine  
  30  2:40  Marine, SCV  
  32  2:52  SCV  
  32  2:54  Marine  
  32  2:57  Marine  
  35  3:04  SCV  
  36  3:12  Marine  
  37  3:15  Marine  
  37  3:17  Supply Depot, SCV  
  39  3:23  Factory Tech Lab  
  39  3:34  Starport  
  39  3:39  Marine, SCV  
  39  3:40  Marine  
  42  3:51  SCV  
  43  3:57  Marine  
  44  4:03  SCV  
  44  4:06  Barracks  
  45  4:15  SCV  
  46  4:19  Supply Depot  
  46  4:24  Starport Tech Lab  
  46  4:27  SCV  
  47  4:40  Marine x2, SCV, Siege Tank  
  47  4:43  Supply Depot  
  54  4:52  SCV  
  54  5:04  SCV  
  54  5:05  Barracks Tech Lab  
  54  5:06  Supply Depot  
  55  5:07  Engineering Bay  
  55  5:13  Command Center  
  55  5:17  SCV  
  56  5:22  Combat Shield  
  56  5:26  Marauder  
  58  5:28  Engineering Bay  
  58  5:33  Barracks Tech Lab  
  58  5:34  Terran Infantry Weapons Level 1  
  58  5:36  Barracks Reactor  
  58  5:44  Siege Tank  
  58  5:48  Marauder  
  63  5:52  Marauder, Stimpack  
  63  5:53  Terran Infantry Armor Level 1  
  63  5:55  Supply Depot  
  64  6:09  Marauder  
  66  6:13  Marauder  
  66  6:16  Hellion  
  70  6:21  Supply Depot  
  70  6:27  SCV  
  70  6:30  Marauder  
  70  6:31  SCV  
  73  6:38  Hellion  
  73  6:39  Marauder, SCV  
  78  6:43  SCV  
  79  6:51  SCV  
  79  6:52  Marauder  
  82  6:55  SCV  
  83  7:04  SCV  
  83  7:07  Hellion, SCV  
  87  7:10  Supply Depot  
  87  7:15  Command Center  
  87  7:28  Hellion, Orbital Command  
  89  7:30  Concussive Shells  
  89  7:35  Armory  
  89  7:49  Hellion  
  89  7:50  Armory  
  93  7:51  Marauder  
  93  7:55  Marauder  
  95  8:05  Supply Depot  
  95  8:11  Siege Tank  
  98  8:17  Refinery  
  98  8:21  Refinery  
  98  8:22  Terran Infantry Weapons Level 2  
  98  8:24  Terran Vehicle Weapons Level 1  
  98  8:25  Orbital Command  
  98  8:28  SCV x2  
  100  8:35  Missile Turret  
  100  8:36  Missile Turret  
  100  8:38  Terran Vehicle And Ship Armor Level 1  
  100  8:40  SCV  
  101  8:41  Missile Turret  
  101  8:42  SCV  
  101  8:43  Siege Tank  
  101  8:46  Marine  
  101  8:47  Marine  
  107  8:50  Marine  
  107  8:52  SCV  
  107  8:53  SCV  
  107  8:54  SCV  
  85  8:57  Marine  
  61  9:04  Marine, SCV  
  61  9:05  Marine  
  61  9:07  Marine  
  61  9:08  SCV  
  66  9:11  SCV  
  66  9:15  Marine  
  66  9:16  SCV  
  69  9:20  SCV  
  69  9:22  Marine  
  69  9:23  Marine, SCV  
  69  9:25  Marine  
  69  9:29  SCV  
  68  9:32  SCV  
  68  9:33  Marine  
  68  9:35  Hellion, SCV  
  72  9:39  Marine  
  72  9:41  Marine, SCV  
  72  9:43  Marine  
  72  9:44  SCV  
  77  9:47  SCV  
  77  9:51  Marauder  
  80  9:53  SCV  
  80  9:56  Hellion, SCV  
  80  9:58  Marauder, Marine  
  80  9:59  SCV  
  88  10:04  Liberator  
  88  10:05  SCV  
  88  10:06  Marine  
  89  10:08  SCV  
  89  10:12  Marine, SCV  
  91  10:16  Marine  
  91  10:17  SCV  
  91  10:18  Hellion  
  91  10:19  Marine  
  91  10:20  SCV  
  92  10:24  Marine, SCV  
  92  10:29  SCV  
  92  10:30  Marauder  
  92  10:33  SCV  
  92  10:34  Marine  
  97  10:36  SCV  
  97  10:37  Marauder  
  97  10:41  Marine, SCV  
  102  10:46  Siege Tank  
  102  10:47  Liberator  
  108  10:51  Marine  
  108  10:52  Marine  
  108  10:53  SCV  
  108  10:57  Supply Depot, SCV  
  97  10:58  Marine  
  97  10:59  Marine  
  97  11:00  SCV  
  81  11:05  SCV  
  81  11:09  Marine, SCV  
  81  11:10  Marine  
  69  11:16  Marine  
  69  11:17  Marine, SCV  
  70  11:21  SCV  
  65  11:27  Marine x2  
  65  11:29  SCV  
  65  11:30  Liberator  
  66  11:34  Marauder  
  66  11:35  Marine  
  65  11:43  SCV  
  65  11:45  Marine x2  
  59  11:49  SCV  
  59  11:53  Marine  
  39  11:55  SCV  
Tags
 
Matchup
TvZ
Replay Pack
새 폴더
Spawn Locations
Cross Positions
Add a new tag
Caveats
  • Supply blocks, unpowered buildings, or Contaminate may cause inaccurate times.
  • Supply counts are checked every 10 seconds.